 Dungeon Crawl Stone Soup version 0.17-a0-1830-g81820eb (webtiles) character file.

2209 luca467 the Transmogrifier (level 9, 0/40 HPs)
             Began as a Felid Transmuter on Sept 13, 2015.
             Slain by a river rat (2 damage)
             ... on level 9 of the Dungeon.
             The game lasted 01:17:48 (12617 turns).

luca467 the Transmogrifier (Felid Transmuter)      Turns: 12617, Time: 01:17:48

Health: 0/40       AC:  2    Str:  6    XL:     9   Next: 13%
Magic:  20/20      EV:  4    Int: 18    God:
Gold:   259        SH:  0    Dex: 16    Spells: 5 memorised, 6 levels left
                                        Lives:  0   Deaths: 2

rFire  . . .     SeeInvis +       - Unarmed
rCold  . . .     Clarity  .     (armour unavailable)
rNeg   + + +     SustAt   .     (shield unavailable)
rPois  ∞         Gourm    .     (helmet unavailable)
rElec  .         Spirit   .     (cloak unavailable)
rCorr  .         Warding  .     (gloves unavailable)
rMut   .         Stasis   .     (boots unavailable)
MR     +....                    (no amulet)
Stlth  +++++.....               w - ring of stealth
                                j - +3 ring of slaying

@: appendage, petrified, quick, somewhat resistant to hostile enchantments,
quite stealthy
A: no armour, no weapons or thrown items, claws 1, fangs 3, horns 2, see
invisible, carnivore 3, speed 1, shaggy fur 2, slow metabolism 1, sharp paws
a: End Transformation


You were on level 9 of the Dungeon.
You were not hungry.
You had grown temporary horns.
You visited 2 branches of the dungeon, and saw 10 of its levels.

You collected 259 gold pieces.

Inventory:

Missiles
 a - 72 arrows
 G - 22 arrows of dispersal
Jewellery
 d - a cursed -2 ring of dexterity
 j - a +3 ring of slaying (left paw)
 p - a cursed ring of teleportation {unknown}
 q - an uncursed amulet of the gourmand
 t - an uncursed ring of fire
 w - a ring of stealth (right paw)
Magical devices
 l - a wand of slowing (18)
 A - a wand of magic darts (22)
Scrolls
 h - 3 scrolls of teleportation
 i - a scroll of random uselessness
 m - 2 scrolls of noise
 s - a scroll of fog
 y - 4 scrolls of remove curse
 B - a scroll of amnesia
Potions
 f - a potion of beneficial mutation {unknown}
 k - 2 potions of degeneration
 n - a potion of invisibility {unknown}
 o - a potion of haste {unknown}
 r - a potion of magic {unknown}
 u - a potion of brilliance {unknown}
 v - a potion of ambrosia {unknown}
 x - 2 potions of might
 z - a potion of flight {unknown}
Books
 b - a book of Changes

   Spells                             Type                      Level
   a - Beastly Appendage              Transmutation                1
   b - Sticks to Snakes               Transmutation                2
   c - Spider Form                    Transmutation/Poison         3
   d - Ice Form                       Ice/Transmutation            4
   e - Blade Hands                    Transmutation                5
 E - a book of Burglary

   Spells                             Type                      Level
   a - Swiftness                      Charms/Air                   2
   b - Passwall                       Transmutation/Earth          3
   c - Passage of Golubria            Translocation                4
   d - Lee's Rapid Deconstruction     Earth                        5
   e - Darkness                       Hexes                        6
   f - Invisibility                   Hexes                        6
Comestibles
 c - 5 meat rations
 C - 7 beef jerkies


   Skills:
 - Level 5.0 Fighting
 + Level 7.0 Dodging
 + Level 6.7 Stealth
 - Level 5.6 Unarmed Combat
 - Level 6.8 Spellcasting
 - Level 8.3 Transmutations


You had 6 spell levels left.
You knew the following spells:

 Your Spells              Type           Power        Failure   Level  Hunger
a - Beastly Appendage     Trmt           #####.       1%          1    None
b - Sticks to Snakes      Trmt           #####.....   1%          2    None
c - Spider Form           Trmt/Pois      ###.......   10%         3    ##.....
d - Ice Form              Ice/Trmt       ###.....     24%         4    ####...
e - Blade Hands           Trmt           #####.....   12%         5    #####..


Dungeon Overview and Level Annotations

Branches:
Dungeon (9/15)             Temple (1/1) D:4            Lair (0/8) D:9
    Orc: D:9-12

Altars:
Ashenzari
Cheibriados
Dithmenos
Elyvilon
Fedhas
Gozag
Kikubaaqudgha
Makhleb
Nemelex Xobeh
Okawaru
Qazlal
Ru
Sif Muna
Trog
Vehumet
Xom
Zin
The Shining One
Beogh

Annotations:
D:6 Duvessa; Protee's ghost, experienced DDNe


Innate Abilities, Weirdness & Mutations

You cannot wear armour.
You are incapable of wielding weapons or throwing items.
You have sharp claws.
You have razor-sharp teeth.
You have supernaturally acute eyesight.
You are carnivorous and can eat meat at any time.
You cover ground quickly.
You are covered in thick fur (AC +2).
You have a slow metabolism.
Your sharp claws are effective at attacking unaware monsters.
You have a pair of horns on your head.


Message History

Your ball python dies!
Something bites the plant!
The porcupine twitches its whiskers.
An ice beast comes into view.
The basilisk gazes at you.
You are slowing down.
The porcupine barely misses you. The porcupine bites you.
Your limbs are stiffening.
The river rat bites you.
You have turned to stone.
The porcupine bites you!
The yak snorts and paws the ground.
The river rat bites you. The porcupine bites you!
* * * LOW HITPOINT WARNING * * *
The river rat bites you!
* * * LOW HITPOINT WARNING * * *
The porcupine bites you!
* * * LOW HITPOINT WARNING * * *
The river rat bites you.
You die...

#....# #..#
#....###########..#
#.................#
+.................#
#......#######+#...
#......+ .......P†.
#..lr..# .......r..
#.rr...# ..........
#.@Y...# .....P.♣.♣
#......# ##.P....P.
#............Ytr...
#...............P.>
#........Y ..Y♣.P.
#......... ......
#.........
#.........


You could see a yak, a basilisk, an ice beast (sleeping), 2 porcupines and a
river rat.

Vanquished Creatures
  Prince Ribbit (D:7)
  Sigmund (D:5)
  Edmund (D:6)
  A hippogriff (D:4)
  A black bear (D:7)
  2 phantoms
  2 ice beasts
  An orc warrior (D:7)
  4 ogres
  A big kobold (D:5)
  3 centaurs
  Blork the orc (D:5)
  2 giant frogs
  A scorpion (D:4)
  Dowan (D:6)
  6 killer bees (D:8)
  A jelly (D:8)
  2 crimson imps
  2 hounds
  7 orc wizards
  A centaur skeleton (D:5)
  2 giant frog skeletons
  An orc priest (D:3)
  2 iguanas
  5 worker ants
  A hound zombie (D:6)
  A worker ant zombie (D:8)
  3 gnolls (D:8)
  12 adders
  A shadow imp (D:8)
  2 oozes
  4 worms
  7 giant geckos
  27 orcs
  5 bats
  4 giant cockroaches
  10 hobgoblins
  2 jackals (D:2)
  3 quokkas
  2 ball pythons
  A giant gecko skeleton (D:5)
  A giant gecko zombie (D:7)
  7 giant newts
  10 goblins
  A jackal skeleton (D:5)
  21 kobolds
  A quokka skeleton (D:4)
  13 rats
191 creatures vanquished.

Vanquished Creatures (collateral kills)
  3 ogres
  A sky beast (D:9)
  A big kobold (D:7)
  A scorpion (D:6)
  A giant frog zombie (D:8)
  A jelly (D:8)
  2 orc priests
  A centaur skeleton (D:5)
  2 orc wizards (D:5)
  2 worker ants
  6 gnolls
  A river rat (D:9)
  A worm (D:3)
  25 orcs
  3 kobolds (D:5)
  A rat (D:3)
52 creatures vanquished.

Vanquished Creatures (others)
  A human (D:6)
1 creature vanquished.

Grand Total: 244 creatures vanquished

Notes
Turn   | Place    | Note
--------------------------------------------------------------
     0 | D:1      | luca467 the Felid Transmuter began the quest for the Orb.
     0 | D:1      | Reached XP level 1. HP: 9/9 MP: 4/4
     1 | D:1      | Found a shattered altar of Ashenzari.
   121 | D:1      | Reached XP level 2. HP: 12/12 MP: 6/6
   707 | D:1      | Reached XP level 3. HP: 15/15 MP: 5/7
   810 | D:2      | Reached skill level 1 in Stealth
  1305 | D:2      | Found a snail-covered altar of Cheibriados.
  1399 | D:2      | Learned a level 2 spell: Sticks to Snakes
  1429 | D:2      | Reached XP level 4. HP: 3/19 MP: 8/8
  1773 | D:2      | Found a stormy altar of Qazlal.
  3178 | D:3      | Reached XP level 5. HP: 21/23 MP: 9/9
  3605 | D:3      | Reached skill level 4 in Unarmed Combat
  3765 | D:4      | Noticed an ice beast
  3769 | D:4      | Killed an ice beast
  3773 | D:4      | Noticed an ogre
  4029 | D:4      | Noticed an ogre
  4048 | D:4      | Killed an ogre
  4048 | D:4      | Gained mutation: You are covered in thick fur (AC +2). [Felid growth]
  4048 | D:4      | Reached XP level 6. HP: 28/28 MP: 5/10
  4166 | D:4      | Noticed an ogre
  4248 | D:4      | Killed an ogre
  4364 | D:4      | Reached skill level 5 in Unarmed Combat
  4376 | D:4      | Noticed a hippogriff
  4386 | D:4      | Killed a hippogriff
  4386 | D:4      | Reached XP level 7. HP: 10/33 MP: 11/11
  4595 | D:4      | Learned a level 3 spell: Spider Form
  4600 | D:4      | Learned a level 4 spell: Ice Form
  4852 | D:4      | Reached skill level 5 in Fighting
  5306 | D:4      | Found a staircase to the Ecumenical Temple.
  5312 | Temple   | Entered the Ecumenical Temple
  5596 | D:5      | Entered Level 5 of the Dungeon
  5599 | D:5      | Found a shattered altar of Ashenzari.
  5621 | D:5      | Noticed Blork the orc
  5635 | D:5      | Killed Blork the orc
  6164 | D:5      | Noticed Sigmund
  6213 | D:5      | Reached XP level 8. HP: 8/37 MP: 14/14
  6468 | D:5      | Learned a level 5 spell: Blade Hands
  6527 | D:5      | Reached skill level 5 in Transmutations
  7192 | D:5      | Killed Sigmund
  7192 | D:5      | Reached skill level 6 in Transmutations
  7358 | D:5      | Found a runed door.
  7372 | D:5      | Reached skill level 5 in Spellcasting
  7957 | D:5      | Found a roughly hewn altar of Beogh.
  8251 | D:6      | Found an ancient bone altar of Kikubaaqudgha.
  8438 | D:6      | Noticed Dowan
  8444 | D:6      | Killed Dowan
  8444 | D:6      | Reached skill level 7 in Transmutations
  8445 | D:6      | Noticed Duvessa
  8451 | D:6      | Mangled by Duvessa
  8452 | D:6      | Reached XP level 7. HP: -7/33 MP: 16/16
  8502 | D:6      | Noticed Protee's ghost (experienced DDNe)
  8527 | D:6      | Reached XP level 8. HP: 28/37 MP: 14/18
  8726 | D:6      | Killed from afar by Protee's ghost
  8727 | D:6      | Reached XP level 7. HP: 0/33 MP: 14/17
  8921 | D:6      | Found a blossoming altar of Fedhas.
  8925 | D:6      | Found a radiant altar of Vehumet.
  8935 | D:6      | Found a glowing golden altar of the Shining One.
  8998 | D:6      | Noticed Edmund
  9015 | D:6      | Killed Edmund
  9371 | D:7      | Noticed Prince Ribbit
  9847 | D:7      | Reached skill level 8 in Transmutations
  9867 | D:7      | Reached XP level 8. HP: 15/37 MP: 12/19
 10547 | D:7      | Killed Prince Ribbit
 10921 | D:8      | Reached skill level 5 in Dodging
 11341 | D:8      | Reached skill level 5 in Stealth
 11357 | D:8      | HP: 1/37 [killer bee (7)]
 11718 | D:8      | Reached XP level 9. HP: 5/40 MP: 18/20
 11730 | D:8      | HP: 2/40 [poisoned by a killer bee]
 12587 | D:9      | Found a staircase to the Lair.
 12617 | D:9      | HP: 2/40 [porcupine (4)]
 12617 | D:9      | Slain by a river rat

Vault maps used:
D:1:      dpeg_arrival_ratfight, minivault_23, minivault_4, ashenzari_altar_1
D:2:      grunt_qazlal_clouds, cheibriados_altar_wand_db, first_bread
D:4:      minmay_thick_lines, temple_green, hangedman_minor_gate_pass
D:5:      lemuel_round_altar, corexii_leaking_fountain, lightli_church_of_beogh,
          uniq_sigmund, uniq_blork_the_orc
D:6:      minmay_overflow_temple_star_quad, tgw_kikubaaqudgha, uniq_duvessa,
          uniq_edmund
D:7:      grunt_ogre_cave, st_stairs_13, uniq_prince_ribbit1
D:8:      nicolae_overflow_hidden_temple
D:9:      minmay_lair_entry_grove, zombieorc2_lemuel,
          nemelex_xobeh_ov_fountains_minmay
Temple:   eino_temple_water_12

Action                   |  1- 3 |  4- 6 |  7- 9 || total
-------------------------+-------+-------+-------++-------
Melee: Unarmed           |   117 |   107 |   382 ||   606
 Cast: Beastly Appendage |    18 |    18 |    22 ||    58
       Sticks to Snakes  |       |    13 |    66 ||    79
       Blade Hands       |       |       |     6 ||     6
  Use: Scroll            |       |     5 |    16 ||    21
       Potion            |       |       |     6 ||     6
 Stab: Sleeping          |     2 |     6 |     8 ||    16
       Distracted        |       |       |     2 ||     2
  Eat: Chunk             |     6 |     5 |    17 ||    28
       Pizza             |       |       |     1 ||     1
